 Dungeon Sprint DCSS version 0.24-a0-342-gad4687c (webtiles) character file.

Game seed: 4499093178510478831

141894 HallandMoats the Slayer (level 16, 0/184 HPs)
             Began as a Minotaur Monk on May 21, 2019.
             Was the Champion of Cheibriados.
             Slain by a spriggan berserker
             ... wielding a +6 falchion of electrocution
              (16 damage)
             ... in the Dungeon (Sprint V: "Ziggurat Sprint").
             The game lasted 00:15:08 (3922 turns).

HallandMoats the Slayer (Minotaur Monk)             Turns: 3922, Time: 00:15:08

Health: 0/184      AC: 35    Str: 43      XL:     16   Next: 79%
Magic:  0/35       EV: 29    Int: 30      God:    Cheibriados [******]
Gold:   0          SH: 39    Dex: 45 (46) Spells: 23/28 levels left

rFire    . . .     SeeInvis +   G - +14 obsidian axe {chop, +Fly SInv *Curse} (curse)
rCold    + . .     Gourm    .   H - +18 shield of the Gong {rElec rN+ MR+ EV-5}
rNeg     + . .     Faith    .   N - +11 plate armour of Ryohyno {Str+3 Int+3 Dex+2}
rPois    +         Spirit   +   f - +2 hat {Int+3}
rElec    +         Reflect  .   P - scarf {cloud immunity}
rCorr    .         Harm     .   R - +3 pair of gloves of the Farrier {*Slow rPois MR+}
MR       +++..     Rnd*Rage +   (no boots) Stlth +.........NoTele +
                                Q - amulet of the Peasants {Spirit +Fly rC+ MP+9 Dex+3}
HPRegen  0.40/turn              z - ring of Midsummer {+Blink AC+3 Str+5 Stlth+}
MPRegen  0.24/turn              O - ring "Gamug" {Int+2 Dex+4 Slay+3}

@: mighty, agile, grasped by roots, mesmerised, slowed, constricted, studying
Staves, very slow
A: retaliatory headbutt, horns 2, rugged brown scales 1, berserk 2, deformed
body, deterioration 2, low mp 1, weak 2
a: Bend Time, Temporal Distortion, Slouch, Step From Time, Renounce Religion,
Evoke Blink, Evoke Flight


You were in the Dungeon.
You worshipped Cheibriados.
Cheibriados was exalted by your worship.
You were not hungry.

You visited 1 branch

Inventory:

Hand Weapons
 b - the +7 great mace "Undeadhunter" {disrupt, rN+}
   (You took it off a deep elf mage in the Dungeon)

   It protects you from negative energy.
 G - the cursed +14 obsidian axe (weapon) {chop, +Fly SInv *Curse}
   (You found it in the Dungeon)

   It inflicts extra damage upon your enemies.
   It lets you see invisible.
   It lets you fly.
   It curses itself when equipped.
   It has a curse placed upon it.
 I - the +10 zealot's sword {holy, *Rage rN+ EV+3}
   (You took it off a yaktaur in the Dungeon)

   It has been blessed by the Shining One to cause great damage to the undead
   and demons.
   It affects your evasion (+3).
   It protects you from negative energy.
   It may make you go berserk in combat.
 U - the +7 sceptre of Torment {pain, torment}
   (You found it in the Dungeon)

   In the hands of one skilled in necromantic magic, it inflicts extra damage on
   living creatures.
Armour
 f - a +2 hat of intelligence (worn)
 v - +9 gold dragon scales
 H - the +18 shield of the Gong (worn) {rElec rN+ MR+ EV-5}
   (You found it in the Dungeon)

   It affects your evasion (-5).
   It insulates you from electricity.
   It protects you from negative energy.
   It affects your resistance to hostile enchantments.
 N - the +11 plate armour of Ryohyno (worn) {Str+3 Int+3 Dex+2}
   (You found it in the Dungeon)

   It affects your strength (+3).
   It affects your intelligence (+3).
   It affects your dexterity (+2).
 P - a scarf of cloud immunity (worn)
 R - the +3 pair of gloves of the Farrier (worn) {*Slow rPois MR+}
   (You found it in the Dungeon)

   It protects you from poison.
   It affects your resistance to hostile enchantments.
   It may slow you when you take damage.
Jewellery
 a - the ring "Obrab" {-Tele rC+ MR+ Stlth-}
   (You found it in the Dungeon)

   [ring of attention]

   It protects you from cold.
   It affects your resistance to hostile enchantments.
   It prevents most forms of teleportation.
   It makes you less stealthy.
 h - the amulet of the Republic {rPois rN++ Regen+ Dex+2 Stlth-}
   (You found it in the Dungeon)

   [amulet of regeneration]

   It affects your dexterity (+2).
   It protects you from poison.
   It greatly protects you from negative energy.
   It increases your rate of regeneration.
   It makes you less stealthy.
 z - the ring of Midsummer (left hand) {+Blink AC+3 Str+5 Stlth+}
   (You found it in the Dungeon)

   [ring of protection]

   It affects your AC (+3).
   It affects your strength (+5).
   It lets you blink.
   It makes you more stealthy.
 B - the ring of Terra Nullius {rF- AC+3 Dex+8 SInv Stlth+}
   (You found it in the Dungeon)

   [ring of protection]

   It affects your AC (+3).
   It affects your dexterity (+8).
   It makes you vulnerable to fire.
   It lets you see invisible.
   It makes you more stealthy.
 J - the ring "Colai" {Ice rPois rN+ Int-2}
   (You found it in the Dungeon)

   [ring of ice]

   It enhances your ice magic.
   It affects your intelligence (-2).
   It makes you vulnerable to fire.
   It protects you from cold.
   It protects you from poison.
   It protects you from negative energy.
 K - the ring "Xiquu" {+Fly rF+ MR++}
   (You found it in the Dungeon)

   [ring of flight]

   It protects you from fire.
   It affects your resistance to hostile enchantments.
   It lets you fly.
 O - the ring "Gamug" (right hand) {Int+2 Dex+4 Slay+3}
   (You found it in the Dungeon)

   [ring of slaying]

   It affects your intelligence (+2).
   It affects your dexterity (+4).
   It affects your accuracy and damage with ranged weapons and melee attacks
   (+3).
 Q - the amulet of the Peasants (around neck) {Spirit +Fly rC+ MP+9 Dex+3}
   (You found it in the Dungeon)

   [amulet of guardian spirit]

   It causes incoming damage to be split between your health and magic.
   It affects your dexterity (+3).
   It protects you from cold.
   It affects your magic capacity (+9).
   It lets you fly.
 S - the ring "Parient" {rF+ rN+ AC+3 Str+2}
   (You found it in the Dungeon)

   [ring of protection]

   It affects your AC (+3).
   It affects your strength (+2).
   It protects you from fire.
   It protects you from negative energy.
Wands
 w - a wand of disintegration (7)
 x - a wand of iceblast (7)
 y - a wand of acid (7)
Scrolls
 i - 4 scrolls of blinking
 p - 4 scrolls of amnesia
 q - 7 scrolls of fog
 r - a scroll of holy word
 s - 5 scrolls of identify
 t - 5 scrolls of remove curse
 u - 2 scrolls of fear
 C - 3 scrolls of brand weapon
 E - 4 scrolls of enchant weapon
 T - 3 scrolls of enchant armour
Potions
 d - 10 potions of curing
 e - 12 potions of heal wounds
 g - 7 potions of magic
 j - 2 potions of brilliance
 k - 2 potions of invisibility
 l - 4 potions of resistance
 n - a potion of agility
 o - 4 potions of might
Books
 L - a manual of Staves
 M - a manual of Staves
Miscellaneous
 m - 2 phantom mirrors
Comestibles
 c - 6 rations


   Skills:
 + Level 25.5 Fighting
 + Level 25.5 Axes
 - Level 18.7 Armour
 - Level 17.6 Dodging
 - Level 1.5 Stealth
 - Level 18.6 Shields
 * Level 6.8 Spellcasting
 * Level 6.9 Charms
 * Level 7.5 Necromancy
 - Level 21.5 Invocations


You had 23 spell levels left.
You knew the following spells:

 Your Spells              Type           Power        Failure   Level  Hunger
a - Song of Slaying       Chrm           ######..     1%          2    None
b - Regeneration          Chrm/Necr      ######....   2%          3    None

Your spell library contained the following spells:

 Spells                   Type           Power        Failure   Level  Hunger
 Animate Skeleton         Necr           N/A          1%          1    None
 Infusion                 Chrm           ####         1%          1    None
 Pain                     Necr           ####         1%          1    None
 Corpse Rot               Necr           N/A          1%          2    None
 Sublimation of Blood     Necr           ######....   1%          2    None
 Vampiric Draining        Necr           ######....   1%          3    None
 Shroud of Golubria       Chrm/Tloc      ####......   4%          2    None
 Swiftness                Chrm/Air       ####....     4%          2    None
 Animate Dead             Necr           N/A          6%          4    ##.....
 Ozocubu's Armour         Chrm/Ice       ####....     10%         3    None
 Spectral Weapon          Hex/Chrm       ####....     10%         3    None
 Beastly Appendage        Tmut           ##....       14%         1    None
 Confusing Touch          Hex            ##....       14%         1    None
 Corona                   Hex            ##.....      14%         1    None
 Flame Tongue             Conj/Fire      ##...        14%         1    None
 Magic Dart               Conj           ##..         14%         1    None
 Sandblast                Erth           ##....       14%         1    None
 Shock                    Conj/Air       ##..         14%         1    None
 Sting                    Conj/Pois      ##..         14%         1    None
 Summon Butterflies       Summ           ##......     14%         1    None
 Agony                    Necr           ######..     19%         5    ####...
 Dispel Undead            Necr           ######..     19%         5    ####...
 Excruciating Wounds      Chrm/Necr      ######....   21%         5    ####...
 Call Imp                 Summ           ##......     22%         2    None
 Ensorcelled Hibernation  Hex/Ice        ##....       22%         2    None
 Passwall                 Tmut/Erth      ##......     22%         2    None
 Poisonous Vapours        Pois/Air       ##....       22%         2    None
 Searing Ray              Conj           ##....       22%         2    None
 Slow                     Hex            ##......     22%         2    None
 Sticks to Snakes         Tmut           ##......     22%         2    None
 Throw Frost              Conj/Ice       ##....       22%         2    None
 Call Canine Familiar     Summ           ##......     38%         3    None
 Confuse                  Hex            ##......     38%         3    None
 Conjure Flame            Conj/Fire      ##......     38%         3    None
 Dazzling Spray           Conj/Hex       ##....       38%         3    None
 Gell's Gravitas          Tloc           ##........   38%         3    None
 Ignite Poison            Fire/Tmut/Pois ##......     38%         3    None
 Inner Flame              Hex/Fire       ##......     38%         3    None
 Lesser Beckoning         Tloc           ##........   38%         3    None
 Mephitic Cloud           Conj/Pois/Air  ##......     38%         3    None
 Portal Projectile        Hex/Tloc       ##....       38%         3    None
 Recall                   Summ/Tloc      N/A          38%         3    None
 Spider Form              Tmut/Pois      ##........   38%         3    None
 Static Discharge         Conj/Air       ##......     38%         3    None
 Stone Arrow              Conj/Erth      ##....       38%         3    None
 Summon Guardian Golem    Hex/Summ       ##......     38%         3    None
 Tukima's Dance           Hex            ##......     38%         3    None
 Bolt of Draining         Conj/Necr      ####......   63%         5    ####...
 Borgnjor's Vile Clutch   Necr/Erth      ####......   63%         5    ####...
 Iskenderun's Battlesphe  Conj/Chrm      ####....     67%         5    ####...
 Death Channel            Necr           ######....   69%         6    ######.
 Airstrike                Air            ##........   80%         4    ##.....
 Cause Fear               Hex            ##........   80%         4    ##.....
 Force Lance              Conj/Tloc      ##......     80%         4    ##.....
 Fulminant Prism          Conj/Hex       ##........   80%         4    ##.....
 Ice Form                 Ice/Tmut       ##......     80%         4    ##.....
 Iskenderun's Mystic Bla  Conj           ##......     80%         4    ##.....
 Leda's Liquefaction      Hex/Erth       ##........   80%         4    ##.....
 Olgreb's Toxic Radiance  Pois           ##......     80%         4    ##.....
 Petrify                  Tmut/Erth      ##......     80%         4    ##.....
 Summon Ice Beast         Ice/Summ       ##......     80%         4    ##.....
 Summon Lightning Spire   Summ/Air       ##......     80%         4    ##.....
 Throw Icicle             Conj/Ice       ##......     80%         4    ##.....
 Alistair's Intoxication  Tmut/Pois      ##......     98%         5    ####...
 Blade Hands              Tmut           ##........   98%         5    ####...
 Bolt of Magma            Conj/Fire/Erth ##........   98%         5    ####...
 Fireball                 Conj/Fire      ##........   98%         5    ####...
 Irradiate                Conj/Tmut      ##........   98%         5    ####...
 Lee's Rapid Deconstruct  Erth           ##........   98%         5    ####...
 Lightning Bolt           Conj/Air       ##........   98%         5    ####...
 Summon Forest            Summ/Tloc      ##........   98%         5    ####...
 Summon Mana Viper        Hex/Summ       ##......     98%         5    ####...
 Venom Bolt               Conj/Pois      ##........   98%         5    ####...
 Yara's Violent Unravell  Hex/Tmut       ##........   98%         5    ####...
 Simulacrum               Ice/Necr       ####......   99%         6    ######.
 Bolt of Cold             Conj/Ice       ##........   100%        6    ######.
 Bolt of Fire             Conj/Fire      ##........   100%        6    ######.
 Dispersal                Tloc           ##........   100%        6    ######.
 Freezing Cloud           Conj/Ice/Air   ##........   100%        6    ######.
 Hydra Form               Tmut           ##........   100%        6    ######.
 Iron Shot                Conj/Erth      ##........   100%        6    ######.
 Poison Arrow             Conj/Pois      ##........   100%        6    ######.
 Statue Form              Tmut/Erth      ##.......    100%        6    ######.
 Dragon Form              Tmut           ##........   100%        7    #######
 Haunt                    Necr/Summ      ####......   100%        7    #######
 Malign Gateway           Summ/Tloc      ##........   100%        7    #######
 Monstrous Menagerie      Summ           ##........   100%        7    #######
 Orb of Destruction       Conj           ##........   100%        7    #######
 Ring of Flames           Chrm/Fire      ####......   100%        7    #######
 Spellforged Servitor     Conj/Summ      ##........   100%        7    #######
 Summon Greater Demon     Summ           ##........   100%        7    #######
 Summon Hydra             Summ           ##........   100%        7    #######
 Borgnjor's Revivificati  Necr           ######....   100%        8    #######
 Chain Lightning          Conj/Air       ##........   100%        8    #######
 Controlled Blink         Tloc           N/A          100%        8    #######
 Death's Door             Chrm/Necr      ######....   100%        8    #######
 Disjunction              Tloc           ##........   100%        8    #######
 Ignition                 Fire           ##........   100%        8    #######
 Infestation              Necr           ######....   100%        8    #######
 Lehudib's Crystal Spear  Conj/Erth      ##........   100%        8    #######
 Necromutation            Tmut/Necr      ####......   100%        8    #######
 Summon Horrible Things   Summ           ##........   100%        8    #######
 Dragon's Call            Summ           ##........   100%        9    #######
 Fire Storm               Conj/Fire      ##........   100%        9    #######
 Glaciate                 Conj/Ice       ##........   100%        9    #######


Dungeon Overview and Level Annotations

Branches:
Dungeon (1/1)

Altars:
Ashenzari
Cheibriados
Dithmenos
Elyvilon
Fedhas
Gozag
Hepliaklqana
Kikubaaqudgha
Makhleb
Nemelex Xobeh
Okawaru
Qazlal
Ru
Sif Muna
Trog
Uskayaw
Vehumet
Wu Jian
Xom
Yredelemnul
Zin
The Shining One
Beogh
Jiyva
Lugonu


Innate Abilities, Weirdness & Mutations

You reflexively headbutt those who attack you in melee.
You have a pair of horns on your head.
You are partially covered in rugged brown scales. (AC +1, +3% HP)
You often lose your temper in combat.
Armour fits poorly on your strangely shaped body.
Your body often deteriorates upon taking damage.
Your magical capacity is low. (-10% MP)
You are very weak. (Str -4)


Message History

The air twists around and strikes you!
* * * LOW HITPOINT WARNING * * *
The spriggan berserker utters an invocation to Trog.
The spriggan berserker goes berserk!
You block the death yak's attack.
PTOANNNG!
The spriggan air mage waves its arms in wide circles.
The air twists around and strikes you!
You block the shambling mangrove's attack.
SHROANNG!
The thorn hunter hits you but does no damage.
The thorn hunter misses you. The spriggan defender misses you.
The death yak gores you!
* * * LOW HITPOINT WARNING * * *
You block the polar bear's attack.
GONNNNG!
You block the polar bear's attack.
GONNNNG!
The polar bear claws you but does no damage.
The spriggan berserker hits you with a +6 falchion of electrocution!
You die... :[..|=.)"[))}:) ....†.......).. ......R.h...... .....kRiihk.... ....hYfiihi..b. ....fiiiiih..P.

.....hfiiYk....
....ciY@Yc.....
.PP..ihff....P.
..P▓..iih..▓P..
.. ▓▓...P.▓▓ ..
...▓P..P...▓...
....P.P...PP...
..PPPP.........
.......©.......
▓▓▓▓▓▓▓▓▓▓▓▓▓▓▓


You could see 2 dire elephants, 2 thorn hunters, 3 shambling mangroves, 2 death
yaks, 2 spriggan defenders, 2 satyrs, a spriggan rider, 3 wind drakes, 8
spriggan berserkers, 2 dryads, 4 spriggan air magi, 8 polar bears and a
spriggan.

Vanquished Creatures
  2 deep elf master archers (D)
  6 acid blobs (D)
  A tentacled starspawn (D)
  A shadow dragon (D)
  3 azure jellies (D)
  An emperor scorpion (D)
  2 ghost moths (D)
  An orc warlord (D)
  6 very ugly things (D)
  11 stone giants (D)
  3 entropy weavers (D)
  An apis (D)
  A dire elephant (D)
  A spark wasp (D)
  2 yellow draconians (D)
  2 merfolk javelineers (D)
  A spark wasp (shapeshifter) (D)
  A green death (D)
  7 death oozes (D)
  A yaktaur captain (D)
  3 great orbs of eyes (D)
  7 vault guards (D)
  6 spriggan air magi (D)
  A two-headed ogre (shapeshifter) (D)
  An anaconda (D)
  An orc high priest (D)
  A spriggan (D)
  6 spriggan berserkers (D)
  A glowing orange brain (shapeshifter) (D)
  4 spriggan druids (D)
  A glowing orange brain (D)
  9 wolf spiders (D)
  A deep elf mage (D)
  5 orc sorcerers (D)
  5 orc knights (D)
  6 shining eyes (D)
  2 moths of wrath (D)
  2 cyclopes (D)
  2 manticores (shapeshifter) (D)
  A water nymph (shapeshifter) (D)
  3 draconians (D)
  A torpor snail (D)
  5 eyes of devastation (D)
  2 demonic crawlers (D)
  5 yaktaurs (D)
  An ancient zyme (D)
  2 dryads (D)
  A troll (D)
  A merfolk (D)
  5 jumping spiders (D)
  A queen bee (shapeshifter) (D)
  8 hornets (D)
  A troll (shapeshifter) (D)
  A hippogriff (shapeshifter) (D)
  A slime creature (shapeshifter) (D)
  14 slime creatures (D)
  A snapping turtle (shapeshifter) (D)
  5 redbacks (D)
  6 starcursed masses (D)
  2 tarantellas (D)
  2 ynoxinuls (D)
  A vampire (D)
  3 golden eyes (D)
  A chaos spawn (D)
  A neqoxec (D)
  A swamp worm (shapeshifter) (D)
  A large abomination (D)
  A hell hound (D)
  11 orc warriors (D)
  2 black bears (D)
  An ogre (D)
  5 wolves (D)
  A centaur (D)
  2 small abominations (D)
  3 scorpions (D)
  2 wights (D)
  2 crimson imps (D)
  2 quasits (D)
  5 orc priests (D)
  2 jellies (D)
  10 orc wizards (D)
  A shadow imp (D)
  2 white imps (D)
  2 ufetubi (D)
  2 oozes (D)
  An adder skeleton (D)
  An adder zombie (D)
  4 orcs (D)
  A jackal zombie (D)
  2 leopard gecko skeletons (D)
  2 starspawn tentacles (D)
262 creatures vanquished.

Vanquished Creatures (collateral kills)
  A shadow dragon (D)
  An azure jelly (D)
  A very ugly thing (D)
  A stone giant (D)
  A dire elephant (D)
  A vault guard (D)
  A spriggan air mage (D)
  A shambling mangrove (D)
  A deep elf knight (D)
  5 slime creatures (D)
  A flayed ghost (D)
  3 orb spiders (D)
  An orc knight (D)
  A deep elf mage (D)
  A draconian (D)
  A wolf spider (D)
  2 cyclopes (D)
  2 shining eyes (D)
  2 ugly things (D)
  A guardian serpent (shapeshifter) (D)
  2 eyes of devastation (D)
  An ancient zyme (D)
  2 merfolk (D)
  A jumping spider (D)
  2 dream sheep (shapeshifter) (D)
  A slime creature (shapeshifter) (D)
  A redback (shapeshifter) (D)
  An air elemental (D)
  A tarantella (D)
  A golden eye (D)
  A golden eye (shapeshifter) (D)
  2 neqoxecs (D)
  2 insubstantial wisps (D)
  A floating eye (shapeshifter) (D)
  An orc warrior (D)
  An eye of draining (D)
  5 jellies (D)
  An orc wizard (D)
  An ufetubus (D)
  A ball python skeleton (D)
  A butterfly (D)
  A starspawn tentacle (D)
60 creatures vanquished.

Vanquished Creatures (others)
  2 insubstantial wisps (D)
  An orc wizard (D)
  6 briar patches (D)
  A starspawn tentacle (D)
10 creatures vanquished.

Grand Total: 332 creatures vanquished

Notes
Turn   | Place    | Note
-------+----------+-------------------------------------------
     0 | D        | Found the +6 Majin-Bo {vamp, Archmagi MP+6 Int+6}
     0 | D        | HallandMoats the Minotaur Monk began the quest for the Orb.
     0 | D        | Reached XP level 1. HP: 19/19 MP: 0/0
     0 | D        | Found a deep blue altar of Sif Muna.
     0 | D        | Found a sacrificial altar of Ru.
     0 | D        | Found a bloodstained altar of Trog.
     0 | D        | Found a stormy altar of Qazlal.
     0 | D        | Found an iron altar of Okawaru.
     0 | D        | Found a sparkling altar of Nemelex Xobeh.
     0 | D        | Found a blossoming altar of Fedhas.
     2 | D        | Found a transporter.
     2 | D        | Found an ancient bone altar of Kikubaaqudgha.
     2 | D        | Found a viscous altar of Jiyva.
     2 | D        | Found a corrupted altar of Lugonu.
     2 | D        | Found a hazy altar of Hepliaklqana.
     2 | D        | Found a burning altar of Makhleb.
     2 | D        | Found an opulent altar of Gozag.
    27 | D        | Found the +9 heavy crossbow "Sniper" {velocity, Acc+∞ SInv}
    27 | D        | Found the +10 dark maul {crush}
    27 | D        | Found the +15 Maxwell's patent armour {-Cast -Tele rElec
                  | MR+ rCorr}
    27 | D        | Found the +18 shield of the Gong {rElec rN+ MR+ EV-5}
    27 | D        | Found the cursed +14 obsidian axe {chop, +Fly SInv *Curse}
    38 | D        | Became a worshipper of Cheibriados the Contemplative
    38 | D        | Reached * piety under Cheibriados
    38 | D        | Reached ** piety under Cheibriados
    72 | D        | Entered arena 2.
    72 | D        | Noticed an orc priest
    72 | D        | Found a transporter.
    74 | D        | Killed an orc priest
    74 | D        | Reached skill level 5 in Fighting
    74 | D        | Reached skill level 5 in Axes
    74 | D        | Reached XP level 2. HP: 29/29 MP: 0/2
    74 | D        | Reached XP level 3. HP: 36/36 MP: 0/3
    85 | D        | Entered arena 3.
    85 | D        | Noticed a merfolk
    85 | D        | Noticed a merfolk
    85 | D        | Noticed a merfolk
    85 | D        | Found a transporter.
    92 | D        | Killed a merfolk
    92 | D        | Reached *** piety under Cheibriados
    92 | D        | Reached skill level 5 in Dodging
    92 | D        | Reached skill level 5 in Invocations
    92 | D        | Reached XP level 4. HP: 14/47 MP: 2/6
    92 | D        | Reached XP level 5. HP: 15/52 MP: 2/7
    92 | D        | Killed a merfolk
    92 | D        | Reached skill level 5 in Armour
    92 | D        | Reached skill level 5 in Shields
    92 | D        | Reached XP level 6. HP: 19/62 MP: 2/9
    95 | D        | Killed a merfolk
    95 | D        | Reached **** piety under Cheibriados
    95 | D        | Reached XP level 7. HP: 22/70 MP: 2/11
   323 | D        | Entered arena 4.
   323 | D        | Found a transporter.
   329 | D        | Reached ***** piety under Cheibriados
   334 | D        | Got the ring "Obrab" {-Tele rC+ MR+ Stlth-}
   374 | D        | Entered arena 5.
   374 | D        | Noticed a deep elf mage
   374 | D        | Noticed a spriggan
   374 | D        | Noticed a deep elf mage
   374 | D        | Noticed a deep elf knight
   374 | D        | Found a transporter.
   377 | D        | Noticed a guardian serpent
   377 | D        | a spriggan changed into a guardian serpent
   378 | D        | Killed a deep elf knight
   378 | D        | Reached skill level 10 in Fighting
   378 | D        | Reached skill level 10 in Axes
   378 | D        | Reached XP level 8. HP: 81/81 MP: 11/13
   379 | D        | Noticed a soul eater
   380 | D        | Killed a guardian serpent
   381 | D        | Killed a deep elf mage
   382 | D        | Killed a deep elf mage
   382 | D        | Reached XP level 9. HP: 90/90 MP: 11/15
   395 | D        | Entered arena 6.
   395 | D        | Found a transporter.
   398 | D        | Reached ****** piety under Cheibriados
   403 | D        | Entered arena 7.
   403 | D        | Noticed a wolf spider
   403 | D        | Noticed a jumping spider
   403 | D        | Noticed a wolf spider
   404 | D        | Found a transporter.
   405 | D        | Killed a wolf spider
   405 | D        | Reached skill level 10 in Invocations
   408 | D        | Killed a jumping spider
   409 | D        | Killed a wolf spider
   415 | D        | Got the ring of Terra Nullius {rF- AC+3 Dex+8 SInv Stlth+}
   498 | D        | Entered arena 8.
   498 | D        | Noticed a draconian
   498 | D        | Noticed a yellow draconian
   498 | D        | Noticed a draconian
   498 | D        | Noticed a yellow draconian
   498 | D        | Noticed a draconian
   498 | D        | Noticed a draconian
   499 | D        | Identified the +10 war axe of Nuannuewk {freeze, *Corrode
                  | +Rage rElec rN+ Int+4}
   499 | D        | Found a transporter.
   502 | D        | Killed a draconian
   503 | D        | Killed a yellow draconian
   503 | D        | Reached XP level 10. HP: 102/102 MP: 17/17
   505 | D        | Killed a draconian
   507 | D        | Killed a draconian
   507 | D        | Reached skill level 10 in Armour
   509 | D        | Killed a draconian
   509 | D        | Reached skill level 10 in Shields
   510 | D        | Killed a yellow draconian
   510 | D        | Reached skill level 10 in Dodging
   569 | D        | Entered arena 9.
   570 | D        | Found a transporter.
   585 | D        | Entered arena 10.
   585 | D        | Noticed a spriggan rider
   586 | D        | Found the +8 autumn katana {slice, Clar}
   591 | D        | Found a transporter.
   593 | D        | Killed a spriggan rider
   593 | D        | Reached skill level 15 in Fighting
   593 | D        | Reached XP level 11. HP: 97/112 MP: 19/19
   593 | D        | Reached skill level 15 in Axes
   609 | D        | Got the ring "Qourim" {Str+3 Int+3 Dex-5}
   612 | D        | Entered arena 11.
   613 | D        | Found a transporter.
   627 | D        | Got the Incunabulum of Blistering Moulding
   632 | D        | Entered arena 12.
   632 | D        | Noticed a red ugly thing
   632 | D        | Noticed an alligator
   632 | D        | Noticed a two-headed ogre
   632 | D        | an alligator changed into a tyrant leech
   632 | D        | Noticed a two-headed ogre
   632 | D        | Noticed a red very ugly thing
   633 | D        | Noticed a red very ugly thing
   633 | D        | Noticed a two-headed ogre
   633 | D        | a moth of wrath changed into a two-headed ogre
   633 | D        | Noticed a death drake
   633 | D        | a two-headed ogre changed into a death drake
   633 | D        | Noticed a deep troll
   633 | D        | a two-headed ogre changed into a deep troll
   634 | D        | Found a transporter.
   634 | D        | a two-headed ogre changed into an eye of devastation
   634 | D        | a death drake changed into a swamp worm
   635 | D        | Gained mutation: You are partially covered in rugged brown
                  | scales. (AC +1, +3% HP) [a neqoxec]
   636 | D        | Noticed an alligator
   636 | D        | a tyrant leech changed into an alligator
   636 | D        | Noticed a glowing orange brain
   636 | D        | a deep troll changed into a glowing orange brain
   637 | D        | Noticed an entropy weaver
   637 | D        | an alligator changed into an entropy weaver
   638 | D        | Noticed an emperor scorpion
   638 | D        | an entropy weaver changed into an emperor scorpion
   638 | D        | Noticed an entropy weaver
   638 | D        | an emperor scorpion changed into an entropy weaver
   640 | D        | Killed a glowing orange brain
   641 | D        | Noticed a spark wasp
   641 | D        | an entropy weaver changed into a spark wasp
   644 | D        | Gained mutation: You are weak. (Str -2) [a neqoxec]
   645 | D        | Killed a spark wasp
   646 | D        | Killed a brown very ugly thing
   647 | D        | Killed a brown ugly thing
   648 | D        | Killed a purple very ugly thing
   653 | D        | Got the Almanac of Shifting Stones
   787 | D        | Entered arena 13.
   787 | D        | Noticed a flayed ghost
   789 | D        | Found a transporter.
   794 | D        | Killed a flayed ghost
   909 | D        | Entered arena 14.
   910 | D        | Noticed a vault guard
   910 | D        | Noticed a vault guard
   910 | D        | Noticed a vault guard
   910 | D        | Noticed a vault guard
   910 | D        | Noticed a shadow dragon
   910 | D        | Noticed a vault guard
   910 | D        | Noticed a vault guard
   910 | D        | Noticed a shadow dragon
   910 | D        | Noticed a vault guard
   911 | D        | Identified the cursed ring "Anitwut" {+Inv rF+ EV-2 Int+5}
   911 | D        | Noticed a stone giant
   911 | D        | Noticed a vault guard
   912 | D        | Found a transporter.
   917 | D        | Killed a vault guard
   919 | D        | Killed a vault guard
   919 | D        | Killed a vault guard
   919 | D        | Reached XP level 12. HP: 73/127 MP: 21/21
   920 | D        | Killed a vault guard
   921 | D        | Killed a shadow dragon
   921 | D        | Killed a vault guard
   922 | D        | Killed a vault guard
   922 | D        | Killed a vault guard
   923 | D        | Killed a stone giant
   923 | D        | Reached skill level 15 in Invocations
   925 | D        | Killed a shadow dragon
   932 | D        | Killed a vault guard
  1094 | D        | Entered arena 15.
  1095 | D        | Noticed an entropy weaver
  1096 | D        | Found the +4 robe of Augmentation {Str+4 Int+4 Dex+4}
  1103 | D        | Killed an entropy weaver
  1106 | D        | Found a transporter.
  1121 | D        | Got Gownir's Handbook of Enchanting Transmutation
  1125 | D        | Got the Handbook of the Evil Glacier
  1134 | D        | Entered arena 16.
  1135 | D        | Noticed a shambling mangrove
  1135 | D        | Noticed a dire elephant
  1135 | D        | Noticed an anaconda
  1135 | D        | Noticed a spriggan air mage
  1135 | D        | Noticed an apis
  1135 | D        | Noticed a spriggan air mage
  1136 | D        | Identified the +10 war axe of the Owl {pain, SInv}
  1136 | D        | Noticed a spriggan air mage
  1139 | D        | Reached XP level 13. HP: 121/140 MP: 23/23
  1141 | D        | Reached XP level 14. HP: 100/148 MP: 24/24
  1151 | D        | HP: 6/150 [apis (21)]
  1154 | D        | Killed an apis
  1681 | D        | Found a transporter.
  1693 | D        | Got Ytzog's Collected Works on the Compass and
                  | Transmigration
  1703 | D        | Entered arena 17.
  1710 | D        | Noticed an azure jelly
  1712 | D        | Noticed an acid blob
  1713 | D        | Noticed an azure jelly
  1714 | D        | Gained mutation: Your body sometimes deteriorates upon
                  | taking damage. [a shining eye]
  1720 | D        | Killed an acid blob
  1722 | D        | Killed an azure jelly
  1723 | D        | Killed an azure jelly
  1727 | D        | Reached skill level 15 in Armour
  1819 | D        | Found a transporter.
  1832 | D        | Got the Grimoire of Oozing Pus
  1844 | D        | Got the ring "Colai" {Ice rPois rN+ Int-2}
  1954 | D        | Entered arena 18.
  1958 | D        | Noticed a deep elf master archer
  1958 | D        | Noticed a stone giant
  1958 | D        | Noticed a stone giant
  1959 | D        | Noticed a stone giant
  1960 | D        | Noticed a stone giant
  1961 | D        | Noticed a stone giant
  1961 | D        | Reached skill level 15 in Shields
  1962 | D        | Noticed a deep elf master archer
  1963 | D        | Killed a stone giant
  1963 | D        | Killed a deep elf master archer
  1967 | D        | Found a transporter.
  1967 | D        | Killed a stone giant
  1968 | D        | Killed a stone giant
  1970 | D        | Killed a stone giant
  1970 | D        | Killed a stone giant
  1973 | D        | Killed a deep elf master archer
  1973 | D        | Reached skill level 15 in Dodging
  2111 | D        | Got the Incunabulum of Ensnaring Stones
  2123 | D        | Entered arena 19.
  2127 | D        | Noticed a green very ugly thing
  2127 | D        | Gained mutation: You tend to lose your temper in combat. [a
                  | neqoxec]
  2127 | D        | Noticed a red very ugly thing
  2128 | D        | Noticed a red very ugly thing
  2128 | D        | Noticed a cyan very ugly thing
  2128 | D        | Noticed a white very ugly thing
  2133 | D        | Killed a green very ugly thing
  2133 | D        | Reached XP level 15. HP: 162/162 MP: 27/27
  2143 | D        | Found a transporter.
  2174 | D        | Got the +11 plate armour of Ryohyno {Str+3 Int+3 Dex+2}
  2176 | D        | Got the ring "Gamug" {Int+2 Dex+4 Slay+3}
  2181 | D        | Entered arena 20.
  2187 | D        | Noticed a tentacled starspawn
  2189 | D        | Found a transporter.
  2193 | D        | Killed a tentacled starspawn
  2200 | D        | Gained mutation: You are very weak. (Str -4) [a shining
                  | eye]
  2200 | D        | Gained mutation: Your body often deteriorates upon taking
                  | damage. [a shining eye]
  2217 | D        | Got the amulet of the Peasants {Spirit +Fly rC+ MP+9 Dex+3}
  2224 | D        | Got the +3 pair of gloves of the Farrier {*Slow rPois MR+}
  2852 | D        | Entered arena 21.
  2857 | D        | Noticed an acid blob
  2857 | D        | Noticed an azure jelly
  2857 | D        | Noticed an acid blob
  2860 | D        | Found a transporter.
  2865 | D        | Killed an azure jelly
  2865 | D        | Killed an acid blob
  2866 | D        | Killed an acid blob
  2872 | D        | Gained mutation: Armour fits poorly on your strangely
                  | shaped body. [a shining eye]
  2875 | D        | Gained mutation: You often lose your temper in combat. [a
                  | shining eye]
  3152 | D        | Got the Tome of the Icy Escort
  3155 | D        | Got the ring "Parient" {rF+ rN+ AC+3 Str+2}
  3159 | D        | Got the amulet "Gexob" {Inacc Int+4}
  3182 | D        | Entered arena 22.
  3186 | D        | Noticed a ghost moth
  3186 | D        | Noticed a ghost moth
  3188 | D        | Killed a ghost moth
  3193 | D        | Killed a ghost moth
  3204 | D        | Found a transporter.
  3443 | D        | Got Limm's Grimoire of Boosting Transmigration
  3452 | D        | Got the amulet of the Republic {rPois rN++ Regen+ Dex+2
                  | Stlth-}
  3569 | D        | Entered arena 23.
  3577 | D        | Noticed an orc warlord
  3578 | D        | Identified the +6 mace of Imbalance {crush, rF+ Str+3}
  3578 | D        | Identified the +1 leather armour of Otopyris {rPois rCorr}
  3578 | D        | Identified the +1 large shield of Inference {-Tele rCorr
                  | Int+3}
  3579 | D        | Identified the amulet "Iqioc" {Spirit rElec rC- Str+2}
  3582 | D        | Reached XP level 16. HP: 171/179 MP: 29/29
  3602 | D        | Found a transporter.
  3614 | D        | Got the amulet "Ishretwo" {RegenMP +Blink rElec rPois
                  | Dex-2}
  3641 | D        | Learned a level 2 spell: Song of Slaying
  3645 | D        | Learned a level 3 spell: Regeneration
  3645 | D        | Entered arena 24.
  3651 | D        | Noticed an acid blob
  3654 | D        | Noticed an acid blob
  3654 | D        | Noticed an acid blob
  3656 | D        | Reached skill level 1 in Spellcasting
  3656 | D        | Reached skill level 1 in Charms
  3656 | D        | Reached skill level 1 in Necromancy
  3658 | D        | Found the +7 sceptre of Torment {pain, torment}
  3658 | D        | Killed an acid blob
  3660 | D        | Killed an acid blob
  3662 | D        | Killed an acid blob
  3665 | D        | Reached skill level 5 in Necromancy
  3665 | D        | Gained mutation: Your magical capacity is low. (-10% MP) [a
                  | shining eye]
  3667 | D        | Reached skill level 5 in Spellcasting
  3667 | D        | Reached skill level 5 in Charms
  3676 | D        | Found a transporter.
  3854 | D        | Got the ring of Midsummer {+Blink AC+3 Str+5 Stlth+}
  3864 | D        | Got the ring "Jytem" {Dex+3 SInv}
  3871 | D        | Got the ring "Xiquu" {+Fly rF+ MR++}
  3877 | D        | Got the Compendium of Dusty Snow
  3884 | D        | Got the Guide on Harmful Stones
  3904 | D        | Entered arena 25.
  3911 | D        | Noticed a thorn hunter
  3911 | D        | Noticed a thorn hunter
  3911 | D        | Identified the ring of Kummug {MR+ Int+4 Dex-2 Stlth+}
  3912 | D        | Found the amulet of Vitality {Regen+ HP+15}
  3912 | D        | Identified the +8 trident of Valiance {elec, rElec Dex+3
                  | Stlth+}
  3912 | D        | Identified the +4 dagger of Defence by Offence {freeze,
                  | *Drain rPois Int+8 Dex+2}
  3913 | D        | Identified the amulet of Avo Nyremo {+Rage rF+ rC+ rN+
                  | Dex+2}
  3922 | D        | Slain by a spriggan berserker

Levels and vault maps discovered:
D:        sprint_v [room_start, room_1, room_2, room_3, room_4, room_5, room_6,
          room_7, room_8, room_9, room_10, room_11, room_12, room_13, room_14,
          room_15, room_16, room_17, room_18, room_19, room_20, room_21,
          room_22, room_23, room_24, room_25, room_26, room_27]

Skill      XL: |  1  2  3  4  5  6  7  8  9 10 11 12 13 14 15 16 |
---------------+-------------------------------------------------+-----
Fighting       | 5 7 8 9 10 11 13 15 16 18 21 24 25 | 25.5
Axes           | 5 7 8 9 10 11 13 14 16 18 21 24 25 | 25.5
Armour         | 2 4 5 6 7 8 9 10 12 13 16 18 | 18.7
Shields        | 2 4 5 6 7 8 9 10 12 13 15 18 | 18.6
Invocations    | 2 5 6 7 8 9 11 12 14 15 18 20 21 | 21.5
Dodging        | 5 6 7 8 9 10 11 13 15 17 | 17.6
Spellcasting   | 6 |  6.8
Charms         | 6 |  6.9
Necromancy     | 7 |  7.5
Stealth        | |  1.5

Action                   |  1- 3 |  4- 6 |  7- 9 | 10-12 | 13-15 | 16-18 || total
-------------------------+-------+-------+-------+-------+-------+-------++-------
Melee: Broad axe         |     5 |     2 |    19 |    66 |   119 |    43 ||   254
       Headbutt          |     2 |       |     8 |    25 |    45 |    10 ||    90
Invok: Slouch            |       |       |       |       |     5 |     1 ||     6
       Temporal Distorti |       |       |       |       |       |     1 ||     1
  Use: Potion            |       |       |       |     1 |     4 |     6 ||    11
       Scroll            |       |       |       |       |     5 |     2 ||     7
 Stab: Distracted        |       |       |     1 |       |     3 |     1 ||     5
  Eat: Ration            |       |       |       |       |     1 |       ||     1
Armor: Gold dragon scale |     4 |       |    18 |    45 |    19 |       ||    86
       Plate armour      |       |       |       |       |    23 |    23 ||    46
Dodge: Dodged            |       |       |     3 |    38 |   114 |    44 ||   199
Block: Shield            |    17 |     4 |    37 |   163 |   265 |   108 ||   594

Table legend:
 A = Non-vault XP
 B = Vault XP
 C = Vault XP percentage of total XP
 D = Non-vault monster count
 E = Vault monster count
 F = Vault count percentage of total count
                 A         B        C        D         E       F
            +---------+---------+-------+---------+---------+-------
      Total |    2979 |  173580 |  98.3 |      13 |     305 |  95.9
            +---------+---------+-------+---------+---------+-------
          D |    2979 |  173580 |  98.3 |      13 |     305 |  95.9
            +---------+---------+-------+---------+---------+-------
